 Dungeon Crawl Stone Soup version 0.30.1-9-gdf580d7c3d (webtiles) character file.

Game seed: 17471975489964686088

12503 eliilek the Basher (level 11, -5/107 HPs)
             Began as a Minotaur Berserker on Oct 6, 2023.
             Was a High Priest of Trog.
             Slain by an orc warlord
             ... wielding a +3 heavy great sword
              (29 damage)
             ... on level 1 of the Orcish Mines on Oct 7, 2023.
             The game lasted 00:33:22 (10051 turns).

eliilek the Basher (Minotaur Berserker)            Turns: 10051, Time: 00:33:23

Health: -5/107     AC: 22    Str: 24    XL:     11   Next: 63%
Magic:  10/10      EV: 16    Int:  4    God:    Trog [*****.]
Gold:   725        SH:  5    Dex: 12    Spells: 10/10 levels left

rFire   . . .        a - +0 dire flail
rCold   . . .        (shield currently unavailable)
rNeg    . . .        A - +8 chain mail {ponderous}
rPois   .            (helmet restricted)
rElec   .            F - +0 cloak
rCorr   .            t - +0 pair of gloves
SInv    .            (no boots)
Will    .....        f - amulet of reflection Stlth
                     n - +4 ring of slaying
HPRegen 0.37/turn    o - +5 ring of evasion
MPRegen 0.12/turn

%: reflection
@: slow
A: horns 2, retaliatory headbutt
a: Renounce Religion, Berserk, Trog's Hand, Brothers in Arms


You were on level 1 of the Orcish Mines.
You worshipped Trog.
Trog was extremely pleased with you.
You visited 2 branches of the dungeon, and saw 12 of its levels.
You also visited: Sewer.

You collected 725 gold pieces.

Inventory:

Hand Weapons
 a - a +0 dire flail (weapon)
Missiles
 l - 15 poisoned darts (quivered)
 r - 3 atropa-tipped darts
 u - 2 throwing nets
Armour
 t - a +0 pair of gloves (worn)
 A - a +8 chain mail of ponderousness (worn)
 F - a +0 cloak (worn)
Jewellery
 d - a ring of protection from cold
 f - an amulet of reflection (around neck)
 k - a ring of see invisible
 n - a +4 ring of slaying (left hand)
 o - a +5 ring of evasion (right hand)
 I - a ring of positive energy
Wands
 j - a wand of iceblast (10)
 s - a wand of flame (63)
 E - a wand of digging (3)
 H - a wand of polymorph (11)
Scrolls
 c - 3 scrolls of enchant armour
 g - 2 scrolls of fear
 h - 2 scrolls of blinking {unknown}
 m - 5 scrolls of teleportation {unknown}
 v - 2 scrolls of summoning {unknown}
 w - 3 scrolls of immolation {unknown}
 y - 5 scrolls of poison {unknown}
 z - 2 scrolls of fog {unknown}
 C - 2 scrolls of amnesia {unknown}
 J - 2 scrolls of vulnerability {unknown}
 K - 2 scrolls of enchant weapon {unknown}
Potions
 b - 5 potions of curing
 e - 6 potions of mutation
 i - 3 potions of lignification {unknown}
 p - 3 potions of flight {unknown}
 q - a potion of heal wounds {unknown}
 x - a potion of magic {unknown}
 B - 4 potions of brilliance {unknown}
 D - 4 potions of berserk rage
 G - a potion of might {unknown}


   Skills:
 + Level 13.2 Fighting
 - Level 14.0 Maces & Flails
 - Level 10.0 Armour
 + Level 7.5 Dodging


You had 10 spell levels left.
You didn't know any spells.
Your spell library was empty.

Dungeon Overview and Level Annotations

Branches:
Dungeon (10/15)            Temple (0/1) D:7             Orc (2/2) D:10
  Sewer (visited)
   Lair: D:8-11         Elf: Orc:2

Altars:
Cheibriados
Elyvilon
Fedhas
Trog
Vehumet
The Shining One

Annotations:
D:10 2 transporters, Drain's ghost, journeyman HOFi


Innate Abilities, Weirdness & Mutations

You have a pair of horns on your head.
You reflexively headbutt those who attack you in melee.


Message History

The orc sorcerer gestures at you while chanting.
You suddenly lose the ability to move!
The orc warlord hits you with a +3 heavy great sword!!
The orc high priest hits you but does no damage.
The orc warlord roars a battlecry!
The orcs go into a battle-frenzy!
The orc high priest hits you but does no damage.
The orc high priest prays to Beogh.
The orc sorcerer mumbles some strange words.
The orc warlord hits you with a +3 heavy great sword!!
The orc high priest hits you but does no damage.
You can move again.
There is a stone staircase leading up, spattered with blood here.
The orc high priest calls down the wrath of Beogh upon you.
Beogh smites you!
The orc warlord roars a battlecry!
The orc warrior goes into a battle-frenzy!
You climb upwards.
There is a stone staircase leading down, spattered with blood here.
Items here: ))) [[.
Your skin crawls.
You feel strong-willed.
The orc warlord hits you with a +3 heavy great sword!!!
* * * LOW HITPOINT WARNING * * *
The orc warlord attacks as you move away!
You block the orc warlord's attack.
Things that are here:
a +0 chain mail; a +0 long sword The orc warlord attacks as you move away!
You block the orc warlord's attack.
You feel the effects of Trog's Hand fading.
Your skin stops crawling.
You feel less strong-willed.
The orc warlord attacks as you move away!
The orc warlord misses you.
The orc warlord attacks as you move away!
The orc warlord hits you with a +3 heavy great sword.
* * * LOW HITPOINT WARNING * * *
The orc warlord attacks as you move away!
The orc warlord hits you with a +3 heavy great sword!!
You die...

.............#
#.##.....##.## ###
###.....##### ##.##
#.##.....## #...#
...#......######.### ###
#.###....##.##.#...####.##
#.#.##..#................#
............#...........##
...........#.#.#@..#..###
).....#.[#[[[.###o.####
)....#..[.<>....#....##
.##.##......[....#....#
#######.........####.## #
##.#..#.### ### ########


You could see an orc warlord.

Vanquished Creatures
  A two-headed ogre (D:8)
  A centaur warrior (D:9)
  A sixfirhy (D:8)
  Pikel (D:5)
  3 orc knights
  Joseph (D:8)
  Maggie (D:6)
  Psyche (D:8)
  A hornet (D:9)
  Grinder (D:6)
  Sigmund (D:3)
  A wyvern (D:10)
  A wraith (D:10)
  6 yaks (D:9)
  2 steam dragons
  Menkaure (D:6)
  3 water moccasins
  11 orc warriors
  2 black bears (D:5)
  An ice beast (D:8)
  3 ogres
  5 centaurs
  A kobold brigand (D:8)
  A phantom (D:6)
  Blork the orc (D:4)
  8 bullfrogs
  4 scorpions
  A gnoll sergeant (D:7)
  4 killer bees (D:10)
  2 electric eels (D:4)
  6 howler monkeys
  5 hounds
  6 orc priests
  Crazy Yiuf (D:5)
  4 jellies
  6 iguanas
  15 orc wizards
  Terence (D:2)
  4 adders
  12 gnolls
  A white imp (D:6)
  An ufetubus (D:4)
  A worm (D:6)
  3 dart slugs
  45 orcs
  10 ball pythons
  9 endoplasms
  9 giant cockroaches
  5 goblins
  3 hobgoblins (D:2)
  6 quokkas
  7 bats
  11 frilled lizards
  11 kobolds
  6 rats
259 creatures vanquished.

Vanquished Creatures (collateral kills)
  An orc sorcerer (Orc:1)
  4 orc warriors
  An ogre (Orc:1)
  An orc priest (D:10)
  4 orc wizards
  6 orcs
17 creatures vanquished.

Grand Total: 276 creatures vanquished

Notes
Turn   | Place    | Note
-------+----------+-------------------------------------------
     0 | D:1      | eliilek the Minotaur Berserker began the quest for the Orb.
     0 | D:1      | Reached XP level 1. HP: 19/19 MP: 0/0
   153 | D:1      | Reached skill level 4 in Maces & Flails
   187 | D:1      | Reached XP level 2. HP: 23/27 MP: 1/1
   470 | D:1      | Reached ** piety under Trog
   892 | D:2      | Noticed Terence
   902 | D:2      | Killed Terence
   903 | D:2      | Reached skill level 5 in Maces & Flails
   903 | D:2      | Reached XP level 3. HP: 12/34 MP: 2/2
  1633 | D:3      | Noticed Sigmund
  1641 | D:3      | Killed Sigmund
  1642 | D:3      | Reached skill level 5 in Fighting
  1642 | D:3      | Reached skill level 6 in Maces & Flails
  1642 | D:3      | Reached XP level 4. HP: 17/42 MP: 3/3
  1642 | D:3      | Reached XP level 5. HP: 19/48 MP: 4/4
  1807 | D:3      | Identified the ring "Ywewum" {+Blink rC+ Will- rCorr Int-5}
  1985 | D:3      | Reached skill level 7 in Maces & Flails
  1985 | D:3      | Reached XP level 6. HP: 46/56 MP: 5/5
  2179 | D:3      | Reached *** piety under Trog
  2512 | D:4      | Reached skill level 8 in Maces & Flails
  2512 | D:4      | Reached XP level 7. HP: 63/63 MP: 6/6
  2782 | D:4      | Found a transporter.
  2788 | D:4      | Found a transporter.
  3146 | D:4      | Noticed Blork the orc
  3155 | D:4      | Killed Blork the orc
  3449 | D:4      | Reached skill level 9 in Maces & Flails
  3670 | D:5      | Entered Level 5 of the Dungeon
  3776 | D:5      | Noticed Pikel
  3787 | D:5      | Killed Pikel
  3788 | D:5      | Reached skill level 10 in Maces & Flails
  3788 | D:5      | Reached XP level 8. HP: 74/74 MP: 7/7
  3857 | D:5      | Reached skill level 11 in Maces & Flails
  4556 | D:5      | Found a runed translucent door.
  4557 | D:5      | Noticed Crazy Yiuf
  4561 | D:5      | Killed Crazy Yiuf
  4672 | D:6      | Reached skill level 12 in Maces & Flails
  4672 | D:6      | Reached XP level 9. HP: 83/83 MP: 8/8
  4685 | D:6      | Reached **** piety under Trog
  4686 | D:6      | Found a glowing drain.
  4701 | Sewer    | Entered a sewer
  5294 | D:6      | Noticed Maggie
  5301 | D:6      | Killed Maggie
  5351 | D:6      | Noticed Grinder
  5357 | D:6      | Killed Grinder
  5358 | D:6      | Reached skill level 13 in Maces & Flails
  5423 | D:6      | Noticed Menkaure
  5427 | D:6      | Reached ***** piety under Trog
  5429 | D:6      | Killed Menkaure
  5596 | D:6      | Identified the +2 ring mail of the Delicate God {*Slow rC++
                  | Regen+ Slay+6}
  5762 | D:6      | Found a blossoming altar of Fedhas.
  5762 | D:6      | Found a snail-covered altar of Cheibriados.
  5821 | D:6      | Identified the +5 dagger "Xuiffuo" {vamp, Dex+3}
  6039 | D:7      | Found a staircase to the Ecumenical Temple.
  6066 | D:7      | Reached skill level 10 in Fighting
  6136 | D:7      | Reached skill level 5 in Armour
  6518 | D:7      | Reached XP level 10. HP: 93/93 MP: 9/9
  7002 | D:8      | Reached skill level 14 in Maces & Flails
  7002 | D:8      | Noticed a two-headed ogre
  7014 | D:8      | Killed a two-headed ogre
  7187 | D:8      | Noticed Psyche
  7195 | D:8      | Killed Psyche
  7197 | D:8      | Noticed Joseph
  7210 | D:8      | Killed Joseph
  7300 | D:8      | Found a glowing golden altar of the Shining One.
  7305 | D:8      | Found a white marble altar of Elyvilon.
  7410 | D:8      | Noticed a sixfirhy
  7411 | D:8      | Found a runed translucent door.
  7432 | D:8      | Killed a sixfirhy
  7727 | D:9      | Found a radiant altar of Vehumet.
  7777 | D:9      | Reached skill level 5 in Dodging
  7850 | D:9      | Noticed a centaur warrior
  7859 | D:9      | Killed a centaur warrior
  7860 | D:9      | Reached XP level 11. HP: 100/104 MP: 10/10
  8339 | D:10     | Entered Level 10 of the Dungeon
  8380 | D:10     | Found a transporter.
  8847 | D:10     | Found a staircase to the Orcish Mines.
  8916 | D:10     | Found a transporter.
  8962 | D:10     | Noticed a two-headed ogre
  8962 | D:10     | Noticed a tengu warrior
  8962 | D:10     | Noticed a two-headed ogre
  8964 | D:10     | Noticed Drain's ghost (journeyman HOFi)
  8971 | D:10     | Found a bloodstained altar of Trog.
  9347 | Orc:1    | Entered Level 1 of the Orcish Mines
  9347 | Orc:1    | Noticed an orc knight
  9347 | Orc:1    | Noticed an orc sorcerer
  9352 | Orc:1    | Killed an orc sorcerer
  9358 | Orc:1    | Killed an orc knight
  9570 | Orc:2    | Entered Level 2 of the Orcish Mines
  9570 | Orc:2    | Noticed an orc knight
  9756 | Orc:2    | Noticed an orc knight
  9762 | Orc:2    | Killed an orc knight
  9766 | Orc:2    | Reached skill level 10 in Armour
  9767 | Orc:2    | Noticed an orc high priest
  9768 | Orc:2    | Noticed an orc warlord
  9770 | Orc:2    | Noticed an orc sorcerer
  9775 | Orc:2    | Noticed a sixfirhy
  9937 | Orc:2    | Noticed an orc high priest
  9954 | Orc:1    | Killed an orc knight
 10025 | Orc:2    | Paralysed by an orc sorcerer for 4 turns
 10031 | Orc:1    | HP: 3/107 [orc warlord/+3 heavy great sword (36)]
 10051 | Orc:1    | Slain by an orc warlord

Illustrated notes

Levels and vault maps discovered:
D:1:      dpeg_arrival_arbitrary_b, layout_basic, minmay_misc_feat_doors
D:2:      layout_basic, uniq_terence
D:3:      layout_basic, chequers_mini_garden, cheibrodos_gnoll_hut, uniq_sigmund
D:4:      gammafunk_steamed_eel, layout_loops_corners, minmay_checkerbox,
          uniq_blork_the_orc
D:5:      layout_basic, uniq_pikel, uniq_crazy_yiuf_cottage
D:6:      layout_gridville, gammafunk_temple_overflow_wave,
          cheibrodos_sewer_entry_drain, uniq_grinder, uniq_maggie, uniq_menkaure
D:7:      layout_cave_pods, minmay_temple_entry_tees, minivault_26,
          hangedman_abyss_or_decor_lesser_grid, glass_columns_b
D:8:      cheibrodos_shockbox, layout_basic, mainiacjoe_overflow_big_doors,
          uniq_psyche, uniq_joseph
D:9:      layout_loops_ring, nicolae_vehumet_altar_sigil
D:10:     layout_basic, david_orc_4, gammafunk_ghost_wrathful_warriors
Orc:1:    layout_caves, basic_altar, uniq_nergalle
Orc:2:    grunt_orc_gardens, layout_caves, grunt_orc_garden, grunt_orc_garden,
          grunt_orc_garden, grunt_orc_garden

Skill      XL: |  1  2  3  4  5  6  7  8  9 10 11 |
---------------+----------------------------------+-----
Maces & Flails | 4 5 6 7 8 10 12 13 14 | 14.0
Fighting       | 4 5 6 8 9 10 12 13 | 13.2
Armour         | 5 8 10 | 10.0
Dodging        | 5 7 |  7.5

Action                     |  1- 3 |  4- 6 |  7- 9 | 10-12 || total
---------------------------+-------+-------+-------+-------++-------
  Melee: Mace              |    68 |    57 |    72 |       ||   197
         Headbutt          |     8 |    16 |    33 |    58 ||   115
         Punch             |       |     2 |     3 |       ||     5
         Flail             |       |       |   144 |    20 ||   164
         Dire flail        |       |       |       |   235 ||   235
  Throw: Dart              |       |       |     6 |     5 ||    11
 Invoke: Trog's Hand       |       |       |     3 |     3 ||     6
         Brothers in Arms  |       |       |       |     5 ||     5
         Berserk           |       |       |       |     1 ||     1
    Use: Scroll            |       |       |     8 |     1 ||     9
 Armour: Animal skin       |    13 |       |       |       ||    13
         Scale mail        |     7 |    17 |       |       ||    24
         Chain mail        |       |       |    94 |    88 ||   182
  Dodge: Dodged            |    25 |    21 |   112 |   142 ||   300
  Block: Other             |    16 |    15 |    53 |    55 ||   139
         Reflection        |     3 |       |     3 |     4 ||    10
